 Dungeon Crawl Stone Soup version 0.26-a0-215-g1b87330c0f (webtiles) character file.

Game seed: 5377534440277473857

131521 Gargoyl the Cleaver (level 16, -4/135 HPs)
             Began as a Centaur Abyssal Knight on July 6, 2020.
             Was an Elder of Lugonu.
             Hit by a large rock thrown by a stone giant (17 damage)
             ... on level 1 of the Depths on July 7, 2020.
             The game lasted 00:41:40 (35813 turns).

Gargoyl the Cleaver (Centaur Abyssal Knight)       Turns: 35813, Time: 00:41:41

Health: -4/135     AC: 20    Str: 23      XL:     16   Next: 55%
Magic:  33/34      EV: 10    Int: 13 (15) God:    Lugonu [****..]
Gold:   2394       SH: 15    Dex: 18      Spells: 15/15 levels left

rFire    + . .     SeeInvis .   k - +10 broad axe of Etanag {drain, rN+ Int+4}
rCold    . . .     Faith    .   H - +0 buckler
rNeg     + + +     Spirit   .   d - +1 plate armour of Parts Unknown {rElec Dex+4 Slay+3}
rPois    +         Reflect  +   (helmet restricted)
rElec    +         Harm     .   v - +1 cloak
rCorr    .                      r - +2 pair of gloves
MR       ++...                  (no barding)
Stlth    ..........             R - amulet of reflection
HPRegen  0.32/turn              O - ring of the Tempest {+Blink rElec rPois rN++ Str+2 Dex-2}
MPRegen  0.24/turn              b - ring of Rosa {MR+ MP+9 Str+2 Dex+4 Slay+2}

@: very quick
A: large, fangs 1, hooves 3, horns 1, large bone plates 1, deformed body, fire
resistance 1, speed 2, tough skin 3
a: Depart the Abyss, Bend Space, Banish, Corrupt, Renounce Religion, Evoke Blink


You were on level 1 of the Depths.
You worshipped Lugonu.
Lugonu was greatly pleased with you.
You were not hungry.

You visited 5 branches of the dungeon, and saw 25 of its levels.
You visited the Abyss 4 times.

You collected 2937 gold pieces.
You spent 543 gold pieces at shops.

Inventory:

Hand Weapons
 a - a +1 hand axe
 k - the +10 broad axe of Etanag (weapon) {drain, rN+ Int+4}
   (You acquired it on level 4 of the Lair of Beasts)

   A truly terrible weapon, it drains the life of those it strikes.
   It affects your intelligence (+4).
   It protects you from negative energy.
 B - a +7 hand axe of electrocution
 M - a +1 falchion of flaming
 V - the +8 trident of the Octopus King {venom, rElec rPois MR+}
   (You found it on level 13 of the Dungeon)

   It poisons the flesh of those it strikes.
   It insulates you from electricity.
   It protects you from poison.
   It affects your resistance to hostile enchantments.
Missiles
 W - 8 javelins (quivered)
Armour
 d - the +1 plate armour of Parts Unknown (worn) {rElec Dex+4 Slay+3}
   (You found it on level 3 of the Abyss)

   It affects your dexterity (+4).
   It affects your accuracy and damage with ranged weapons and melee attacks
   (+3).
   It insulates you from electricity.
 r - a +2 pair of gloves (worn)
 v - a +1 cloak (worn)
 y - a +0 helmet
 H - a +0 buckler (worn)
Jewellery
 b - the ring of Rosa (right hand) {MR+ MP+9 Str+2 Dex+4 Slay+2}
   (You found it on level 7 of the Dungeon)

   [ring of magical power]

   It affects your strength (+2).
   It affects your dexterity (+4).
   It affects your accuracy and damage with ranged weapons and melee attacks
   (+2).
   It affects your resistance to hostile enchantments.
   It affects your magic capacity (+9).
 j - an uncursed amulet of the acrobat
 n - an uncursed ring of positive energy
 o - an uncursed ring of flight
 O - the ring of the Tempest (left hand) {+Blink rElec rPois rN++ Str+2 Dex-2}
   (You found it on level 3 of the Lair of Beasts)

   [ring of poison resistance]

   It affects your strength (+2).
   It affects your dexterity (-2).
   It insulates you from electricity.
   It protects you from poison.
   It greatly protects you from negative energy.
   It lets you blink.
 P - a +6 ring of strength
 Q - a +6 ring of dexterity
 R - an amulet of reflection (around neck)
Wands
 s - a wand of random effects (16)
 t - a wand of polymorph (4)
 w - a wand of flame (56)
 E - a wand of enslavement (22)
 F - a wand of iceblast (20)
 I - a wand of clouds (10)
 J - a wand of digging (6)
 S - a wand of disintegration (13)
Scrolls
 f - 8 scrolls of identify
 g - 11 scrolls of teleportation
 z - 3 scrolls of fear
 A - 10 scrolls of remove curse
 G - 3 scrolls of blinking
 K - 2 scrolls of enchant armour
 L - 8 scrolls of fog
 N - a scroll of magic mapping
Potions
 e - 3 potions of lignification
 h - 6 potions of brilliance
 i - 4 potions of stabbing
 l - 4 potions of might
 m - 2 potions of resistance
 q - 3 potions of magic
 u - 3 potions of ambrosia
 x - 3 potions of curing
 C - 3 potions of haste
 D - 3 potions of flight
 T - a potion of berserk rage
Comestibles
 c - 28 rations


   Skills:
 + Level 10.5 Fighting
 + Level 2.0 Long Blades
 + Level 14.5 Axes
 + Level 1.9 Throwing
 * Level 11.8 Armour
 * Level 9.4 Dodging
 + Level 5.3 Shields
 * Level 13.2 Invocations


You had 15 spell levels left.
You didn't know any spells.
Your spell library contained the following spells:

 Spells                   Type           Power        Failure   Level
 Foxfire                  Conj/Fire      #...         97%         1
 Magic Dart               Conj           #...         97%         1
 Sandblast                Erth           #.....       97%         1
 Passwall                 Tmut/Erth      #.......     99%         2
 Searing Ray              Conj           #.....       99%         2
 Conjure Flame            Conj/Fire      #.......     100%        3
 Dazzling Flash           Conj/Hex       #.....       100%        3
 Inner Flame              Hex/Fire       #.......     100%        3
 Static Discharge         Conj/Air       #.......     100%        3
 Stone Arrow              Conj/Erth      #.....       100%        3
 Fulminant Prism          Conj/Hex       #.........   100%        4
 Iskenderun's Mystic Bla  Conj/Tloc      #.......     100%        4
 Petrify                  Tmut/Erth      #.......     100%        4
 Sticky Flame             Conj/Fire      #.......     100%        4
 Fireball                 Conj/Fire      #.........   100%        5
 Lee's Rapid Deconstruct  Erth           #.........   100%        5
 Lightning Bolt           Conj/Air       #.........   100%        5
 Ignition                 Fire           #.........   100%        8
 Shatter                  Erth           #.........   100%        9
 Tornado                  Air            #.........   100%        9


Dungeon Overview and Level Annotations

Branches:
Dungeon (15/15)            Temple (0/1) D:7            Lair (6/6) D:9
 Shoals (0/4) Lair:4        Snake (1/4) Lair:3        Slime (0/5) Lair:6
    Orc (2/2) D:11            Elf (0/3) Orc:2        Vaults (0/5) D:13
 Depths (1/5) D:15

Altars:
Ashenzari
Cheibriados
Dithmenos
Fedhas
Hepliaklqana
Makhleb
Okawaru
Qazlal
Ru
Sif Muna
Trog
Vehumet
Xom
Yredelemnul
The Shining One
Beogh
Jiyva

Shops:
D:8 %   Orc:1 (   Orc:2 }*(?[

Portals:
Hell: Depths:1


Innate Abilities, Weirdness & Mutations

You have hooves in place of feet.
Armour fits poorly on your strangely shaped body.
You cover ground very quickly.
You have extremely tough skin. (AC +3)
You have very sharp teeth.
You have a pair of small horns on your head.
You are partially covered in large bone plates. (SH +4)
Your flesh is heat resistant. (rF+)


Message History

a cursed -1 trident; a +0 robe Unknown command.
You pass through the gate.
Welcome back to the Depths!
You can no longer gate yourself to the Abyss.
An ettin and a phantasmal warrior come into view.
The slime creature quivers. x2
The two-headed ogre hits you with a +0 giant spiked club.
You block the two-headed ogre's attack.
The ettin falls through a shaft!
The shaft crumbles and collapses.
The stone giant throws a large rock.
The large rock hits you!!
* * * LOW HITPOINT WARNING * * *
The phantasmal warrior blinks!
You block the two-headed ogre's attack.
The two-headed ogre hits you with a +0 giant spiked club!
* * * LOW HITPOINT WARNING * * *
You block the two-headed ogre's attack.
The two-headed ogre hits you with a +0 giant club.
* * * LOW HITPOINT WARNING * * *
The stone giant throws a large rock.
The large rock hits you!
You die...

.#
#.##..............#
.#
#.#################
.# #.# .# #.# .#
#.# .# #.# .# #.#
####### #.OO..##..
#)@.......
#.C..O.^....
#.....OJW○...
#..C...........
......OJ.......
..C....O...JL..
.........^..§^.
#..............


You could see 2 frost giants, a stone giant, a lich, 3 slime creatures, 3
two-headed ogres, a phantasmal warrior and 3 ogres.

Vanquished Creatures
  Gastronok (D:9)
  A sphinx (Depths:1)
  A tentacled starspawn (Abyss:2)
  A revenant (Abyss:2)
  Roxanne (D:15)
  Louise (D:14)
  A frost giant (D:13)
  A stone giant (D:15)
  The ghost of MrRokkomies the Fighter, a journeyman DgIE (Lair:6)
  A spark wasp (Depths:1)
  2 fire dragons
  An ettin (D:15)
  3 ogre magi
  An ice dragon (Depths:1)
  Harold (D:9)
  5 vault guards (D:13)
  A catoblepas (Lair:4)
  6 hydras
  Erica (Lair:1)
  A rakshasa (Abyss:2)
  3 centaur warriors
  13 two-headed ogres
  7 death yaks
  2 anacondas
  2 naga sharpshooters (Snake:1)
  A deep troll earth mage (D:15)
  An orc high priest (Orc:2)
  A thrashing horror (Abyss:1)
  A spriggan berserker (Depths:1)
  Nergalle (Orc:1)
  3 skeletal warriors (D:12)
  An unseen horror (D:15)
  A wizard (D:13)
  A sea snake (shapeshifter) (D:15)
  3 glowing orange brains
  6 deep trolls
  A lindwurm (Lair:6)
  A deep elf archer (D:13)
  An orc knight (Orc:2)
  A necromancer (Depths:1)
  6 cyclopes
  5 ugly things (D:15)
  A manticore (D:14)
  An oklob plant (Lair:4)
  4 orc sorcerers
  3 deep elf magi
  17 elephants
  A merfolk siren (Lair:4)
  Maurice (D:8)
  7 black mambas
  Joseph (D:7)
  A smoke demon (Abyss:1)
  2 gargoyles
  A cane toad (shapeshifter) (D:15)
  13 cane toads
  3 molten gargoyles (Lair:6)
  2 torpor snails
  A yaktaur (D:13)
  2 rime drakes
  An efreet (Abyss:2)
  13 komodo dragons
  2 ancient zymes
  13 trolls
  15 blink frogs
  Grinder (D:3)
  10 slime creatures
  A hornet (D:9)
  10 hippogriffs
  A harpy skeleton (Abyss:2)
  2 dream sheep (D:9)
  2 tarantellas (shapeshifter) (D:15)
  51 yaks
  2 vampires
  A shadow (Abyss:2)
  4 wraiths
  8 wyverns
  7 basilisks
  A basilisk (shapeshifter) (D:15)
  A human (shapeshifter) (D:15)
  A golden eye (shapeshifter) (D:15)
  A neqoxec (Abyss:2)
  Eustachio (D:4)
  4 golden eyes (Abyss:2)
  2 steam dragons (Lair:6)
  3 vampire mosquitoes (D:14)
  A large abomination (Abyss:2)
  2 acid dragons
  4 wargs
  3 nagas
  3 hell hounds (Lair:6)
  A floating eye (shapeshifter) (D:10)
  3 porcupines
  11 water moccasins
  17 orc warriors
  A meliai simulacrum (D:13)
  3 ice beasts
  6 sky beasts
  5 phantoms
  A hornet zombie (D:7)
  28 ogres
  10 wolves
  13 centaurs
  13 crocodiles
  Blork the orc (D:3)
  21 bullfrogs
  4 big kobolds
  3 gnoll sergeants
  A wyvern zombie (D:13)
  3 scorpions
  63 killer bees
  6 electric eels
  The ghost of endorz the Skirmisher, a weakling GrFi (D:3)
  A bullfrog zombie (D:6)
  A crimson imp (Abyss:1)
  4 centaur zombies
  2 quasits
  4 lava snakes (Lair:6)
  5 jellies
  A gnoll shaman (D:7)
  11 hounds
  18 orc priests
  5 centaur skeletons
  23 orc wizards
  Crazy Yiuf (D:3)
  An iron imp (Abyss:2)
  Ijyb (D:3)
  2 iguanas
  19 worker ants
  Terence (D:2)
  2 hound skeletons
  A mummy (D:7)
  2 worker ant zombies
  20 gnolls
  11 adders
  2 shadow imps
  16 white imps
  2 ufetubi
  3 oozes
  2 adder skeletons
  2 worms
  2 dart slugs (D:1)
  8 leopard geckos
  70 orcs
  3 ball pythons
  6 giant cockroaches
  4 goblins
  9 hobgoblins
  9 jackals
  9 quokkas
  6 bats
  8 frilled lizards
  2 goblin skeletons (D:5)
  2 hobgoblin zombies (D:5)
  17 kobolds
  2 kobold skeletons (D:5)
  3 kobold zombies (D:5)
  3 orc zombies (D:5)
  A quokka skeleton (D:8)
  4 rats
  A butterfly (Lair:6)
  3 fungi
  2 plants (Lair:4)
  3 starspawn tentacles (Abyss:2)
881 creatures vanquished.

Vanquished Creatures (collateral kills)
  A fungus (Lair:4)
1 creature vanquished.

Vanquished Creatures (others)
  A hydra (D:9)
  A thrashing horror (Abyss:2)
  2 oklob plants (Lair:4)
  A gargoyle (D:7)
  A hell hound (Lair:6)
  A centaur (Depths:1)
  A gnoll (D:3)
  9 fungi
  A plant (Lair:6)
  6 starspawn tentacles (Abyss:2)
24 creatures vanquished.

Grand Total: 906 creatures vanquished

Notes
Turn   | Place    | Note
-------+----------+-------------------------------------------
     0 | Abyss:1  | Gargoyl the Centaur Abyssal Knight began the quest for the
                  | Orb.
     0 | Abyss:1  | Reached XP level 1. HP: 19/19 MP: 2/2
    64 | Abyss:3  | Got a slimy plate armour
    73 | Abyss:3  | Noticed a neqoxec
    75 | Abyss:3  | Identified the +1 plate armour of Parts Unknown {rElec
                  | Dex+4 Slay+3} (You found it on level 3 of the Abyss)
    76 | Abyss:3  | Gained mutation: Potions are less effective at restoring
                  | your health. [a neqoxec]
    93 | Abyss:3  | Gained mutation: Your body sometimes deteriorates upon
                  | taking damage. [a neqoxec]
    94 | D:1      | Escaped the Abyss
   338 | D:1      | Reached XP level 2. HP: 26/26 MP: 3/3
   345 | D:1      | Reached * piety under Lugonu
   544 | D:1      | Reached skill level 1 in Dodging
   741 | D:1      | Reached skill level 2 in Axes
  1021 | D:1      | Reached XP level 3. HP: 30/31 MP: 4/4
  1361 | D:2      | Noticed Terence
  1371 | D:2      | Killed Terence
  1574 | D:2      | Reached XP level 4. HP: 39/39 MP: 5/5
  1666 | D:2      | Found a hazy altar of Hepliaklqana.
  2169 | D:3      | Reached ** piety under Lugonu
  2330 | D:3      | Noticed Grinder
  2367 | D:3      | Killed Grinder
  2367 | D:3      | Reached skill level 3 in Axes
  2367 | D:3      | Reached XP level 5. HP: 46/46 MP: 7/7
  2367 | D:3      | Reached XP level 6. HP: 52/52 MP: 8/8
  2873 | D:3      | Found a runed translucent door.
  2874 | D:3      | Noticed endorz's ghost (weakling GrFi)
  3037 | D:3      | Found a faded altar of an unknown god.
  3107 | D:3      | Found a runed translucent door.
  3108 | D:3      | Noticed Crazy Yiuf
  3235 | D:3      | Killed Crazy Yiuf
  3364 | D:3      | Killed endorz's ghost
  3434 | D:4      | Noticed Blork the orc
  3436 | D:4      | Noticed Ijyb
  3452 | D:3      | Killed Blork the orc
  3452 | D:3      | Reached skill level 4 in Axes
  3549 | D:3      | Killed Ijyb
  3579 | D:4      | Reached XP level 7. HP: 58/59 MP: 9/9
  3582 | D:4      | Found an iron altar of Okawaru.
  3939 | D:4      | Found a shadowy altar of Dithmenos.
  3966 | D:4      | Noticed Eustachio
  3971 | D:4      | Reached *** piety under Lugonu
  3996 | D:4      | Killed Eustachio
  3996 | D:4      | Reached skill level 5 in Axes
  4391 | D:5      | Entered Level 5 of the Dungeon
  4569 | D:5      | Reached XP level 8. HP: 41/67 MP: 11/11
  4875 | D:5      | Found a glowing golden altar of the Shining One.
  5623 | D:6      | Reached skill level 1 in Throwing
  5659 | D:6      | Reached skill level 5 in Invocations
  5693 | D:6      | Reached skill level 6 in Axes
  6087 | D:6      | Found a basalt altar of Yredelemnul.
  6118 | D:6      | Reached **** piety under Lugonu
  6333 | D:7      | Found a blossoming altar of Fedhas.
  6335 | D:7      | Noticed a hippogriff
  6350 | D:6      | Killed a hippogriff
  6476 | D:7      | Reached XP level 9. HP: 53/73 MP: 13/13
  6488 | D:7      | Reached skill level 5 in Fighting
  6592 | D:7      | Found a stormy altar of Qazlal.
  6711 | D:7      | Found a bloodstained altar of Trog.
  6745 | D:7      | Found a shattered altar of Ashenzari.
  6759 | D:7      | Reached skill level 5 in Armour
  6873 | D:7      | Found a sacrificial altar of Ru.
  6882 | D:7      | Found a staircase to the Ecumenical Temple.
  7030 | D:7      | Found a snail-covered altar of Cheibriados.
  7470 | D:7      | Noticed Joseph
  7486 | D:7      | Killed Joseph
  7561 | D:7      | Reached skill level 7 in Axes
  7804 | D:7      | Noticed a gargoyle
  7820 | D:7      | Banished a gargoyle
  8225 | D:7      | Reached XP level 10. HP: 83/83 MP: 14/14
  8242 | D:7      | Got a shimmering golden ring
  8249 | D:7      | Got a polished scale mail
  8550 | D:7      | Identified the +4 scale mail "Puotuo" {rCorr} (You found it
                  | on level 7 of the Dungeon)
  8657 | D:8      | Identified the ring of Rosa {MR+ MP+9 Str+2 Dex+4 Slay+2}
                  | (You found it on level 7 of the Dungeon)
  8688 | D:8      | Found Cagonuy's Food Boutique.
  8842 | D:8      | Noticed Maurice
  9064 | D:8      | Killed Maurice
  9064 | D:8      | Reached skill level 1 in Shields
  9272 | D:8      | Reached skill level 8 in Axes
  9323 | D:8      | Found a shimmering altar of Xom.
  9347 | D:8      | Found a radiant altar of Vehumet.
  9371 | D:8      | Found a shimmering blue altar of Sif Muna.
  9380 | D:8      | Found a burning altar of Makhleb.
  9520 | D:9      | Noticed Harold
  9531 | D:9      | Killed Harold
  9628 | D:9      | Reached ***** piety under Lugonu
  9711 | D:9      | Noticed a two-headed ogre
  9720 | D:9      | Killed a two-headed ogre
 10032 | D:9      | Found a staircase to the Lair.
 10151 | D:9      | Reached XP level 11. HP: 82/91 MP: 16/16
 10404 | D:9      | Reached skill level 9 in Axes
 10407 | D:9      | Noticed Gastronok
 10426 | D:9      | Killed Gastronok
 10426 | D:9      | Reached skill level 5 in Dodging
 10731 | D:9      | Noticed a three-headed hydra
 10736 | D:9      | Banished a three-headed hydra
 11098 | Lair:1   | Entered Level 1 of the Lair of Beasts
 11108 | Lair:1   | Noticed Erica
 11126 | Lair:1   | Killed Erica
 12153 | Lair:1   | Reached skill level 10 in Axes
 12630 | Lair:1   | Reached XP level 12. HP: 100/100 MP: 18/18
 12859 | Lair:2   | Noticed a seven-headed hydra
 12867 | Lair:2   | Killed a four-headed hydra
 13895 | Lair:3   | Noticed a death yak
 13895 | Lair:3   | Noticed a death yak
 13895 | Lair:3   | Noticed a death yak
 13895 | Lair:3   | Noticed a death yak
 13895 | Lair:3   | Noticed a death yak
 13895 | Lair:3   | Noticed a death yak
 13901 | Lair:2   | Killed a death yak
 14018 | Lair:2   | Killed a death yak
 14420 | Lair:2   | Killed a death yak
 14426 | Lair:2   | Killed a death yak
 14434 | Lair:2   | Killed a death yak
 14440 | Lair:2   | Killed a death yak
 14677 | Lair:3   | Noticed an eight-headed hydra
 15051 | Lair:3   | Killed a three-headed hydra
 15456 | Lair:3   | Got a bound platinum ring
 15844 | Lair:3   | Identified the ring of the Tempest {+Blink rElec rPois rN++
                  | Str+2 Dex-2} (You found it on level 3 of the Lair of
                  | Beasts)
 15902 | Lair:3   | Reached skill level 1 in Long Blades
 16219 | Lair:3   | Found a staircase to the Snake Pit.
 16545 | Lair:3   | Noticed a five-headed hydra
 16560 | Lair:3   | Killed a one-headed hydra
 16576 | Lair:3   | Reached XP level 13. HP: 77/107 MP: 20/20
 16804 | Lair:3   | Identified the +4 hand axe "Qiunaf Kuete" {vorpal, rF+ rC++
                  | Int-5}
 17028 | Lair:4   | Identified a scroll of acquirement
 17029 | Lair:4   | Got the +10 broad axe of Etanag {drain, rN+ Int+4}
 17124 | Lair:4   | Reached skill level 10 in Invocations
 17187 | Lair:4   | Reached skill level 11 in Axes
 18467 | Lair:4   | Found a staircase to the Shoals.
 19458 | Lair:5   | Reached skill level 10 in Armour
 20259 | Lair:6   | Entered Level 6 of the Lair of Beasts
 20259 | Lair:6   | Found a runed translucent door.
 20260 | Lair:6   | Noticed MrRokkomies's ghost (journeyman DgIE)
 20382 | Lair:6   | Reached ****** piety under Lugonu
 20667 | Lair:6   | Reached XP level 14. HP: 57/116 MP: 22/22
 21369 | Lair:6   | Found a large runed translucent door.
 21381 | Lair:6   | Reached skill level 12 in Axes
 21382 | Lair:6   | Found a large runed translucent door.
 22351 | Lair:6   | Found a viscous altar of Jiyva.
 22351 | Lair:6   | Found a staircase to the Slime Pits.
 22803 | D:10     | Entered Level 10 of the Dungeon
 23088 | Lair:6   | Killed MrRokkomies's ghost
 24286 | D:11     | Found a staircase to the Orcish Mines.
 24873 | D:11     | Lost mutation: Your body sometimes deteriorates upon taking
                  | damage. [potion of mutation]
 24873 | D:11     | Lost mutation: Potions are less effective at restoring your
                  | health. [potion of mutation]
 24873 | D:11     | Gained mutation: You have a pair of small horns on your
                  | head. [potion of mutation]
 24873 | D:11     | Gained mutation: You are partially covered in large bone
                  | plates. (SH +4) [potion of mutation]
 24873 | D:11     | Gained mutation: You have very sharp teeth. [potion of
                  | mutation]
 24873 | D:11     | Gained mutation: Your flesh is heat resistant. (rF+)
                  | [potion of mutation]
 26495 | D:13     | Reached skill level 13 in Axes
 26750 | D:13     | Reached XP level 15. HP: 116/125 MP: 24/24
 26805 | D:13     | Found a gate to the Vaults.
 26869 | D:13     | Found the +3 salamander hide armour {+Rage rF++}
 27302 | D:13     | Found a runed translucent door.
 27725 | D:13     | Noticed a frost giant
 27726 | D:13     | Found the +8 trident of the Octopus King {venom, rElec
                  | rPois MR+}
 27732 | D:13     | Killed a frost giant
 28160 | D:14     | Found a shimmering altar of Xom.
 28177 | D:14     | Noticed Louise
 28182 | D:14     | Cast into level 3 of the Abyss (Louise)
 28188 | D:14     | Escaped the Abyss
 28198 | D:14     | Killed Louise
 28829 | D:15     | Entered Level 15 of the Dungeon
 29108 | D:15     | Noticed Roxanne
 29125 | D:15     | Killed Roxanne
 29795 | D:15     | Found a staircase to the Depths.
 29805 | Depths:1 | Entered Level 1 of the Depths
 29945 | Orc:1    | Entered Level 1 of the Orcish Mines
 30024 | Orc:1    | Found a bloodstained altar of Trog.
 30086 | Orc:1    | Noticed Nergalle
 30092 | Orc:1    | Killed Nergalle
 30108 | Orc:2    | Entered Level 2 of the Orcish Mines
 30110 | Orc:2    | Found Cejel's Weapon Boutique.
 30123 | Orc:1    | Found Fiylum's Weapon Shoppe.
 30619 | Orc:1    | Reached skill level 10 in Fighting
 31155 | Orc:1    | Reached skill level 14 in Axes
 31636 | Orc:2    | Found Omuoroozua's Gadget Emporium.
 31656 | Orc:2    | Found Kiskurha's Magic Scroll Shop.
 31656 | Orc:2    | Found Pogur's General Store.
 32069 | Orc:2    | Bought a scroll of teleportation for 48 gold pieces
 32069 | Orc:2    | Bought a scroll of random uselessness for 16 gold pieces
 32069 | Orc:2    | Bought a scroll of enchant weapon for 120 gold pieces
 32074 | Orc:2    | Bought 2 scrolls of teleportation for 90 gold pieces
 32074 | Orc:2    | Bought a scroll of enchant armour for 112 gold pieces
 32074 | Orc:2    | Bought a scroll of teleportation for 45 gold pieces
 32074 | Orc:2    | Bought a scroll of blinking for 112 gold pieces
 32090 | Orc:2    | Found Kiusiysm's Antique Armour Shop.
 32147 | Orc:2    | Found a roughly hewn altar of Beogh.
 32150 | Orc:2    | Reached XP level 16. HP: 124/134 MP: 25/25
 32357 | Orc:2    | Reached skill level 5 in Shields
 32410 | Orc:2    | Found a staircase to the Elven Halls.
 32841 | Snake:1  | Entered Level 1 of the Snake Pit
 34169 | D:15     | Escaped the Abyss
 34965 | Depths:1 | Found a gateway to Hell.
 35252 | Depths:1 | Noticed a sphinx
 35262 | Depths:1 | Killed a sphinx
 35334 | Depths:1 | Noticed a lich
 35489 | Abyss:1  | Noticed a tentacled starspawn
 35691 | Abyss:2  | Noticed a tentacled starspawn
 35720 | Abyss:2  | Killed a tentacled starspawn
 35813 | Depths:1 | Escaped the Abyss
 35813 | Depths:1 | Hit by a large rock thrown by a stone giant

Illustrated notes

Levels and vault maps discovered:
D:1:      dpeg_arrival_prison, layout_basic
D:2:      layout_basic, lemuel_round_altar, first_ration, uniq_terence
D:3:      layout_loops_ring, ebering_ghost_reflecting_pool,
          chequers_ecumenical_altar_lobes, kennysheep_cluttered_room,
          uniq_grinder, uniq_crazy_yiuf_cottage
D:4:      layout_rooms, grunt_dithmenos_smoke_and_mirrors,
          okawaru_ov_weapons_minmay, uniq_eustachio, uniq_blork_the_orc,
          uniq_ijyb
D:5:      minmay_inner_zag, layout_loops_ring, nicolae_tso_besieged_by_evil,
          hangedman_decor_points
D:6:      layout_cave_pools, old_standard_altar, serial_glass, glass_columns_a,
          glass_columns_a, glass_columns_a, glass_columns_c, glass_columns_b,
          glass_columns_c, glass_columns_c, glass_columns_a, glass_columns_a,
          glass_columns_a, glass_columns_b, glass_columns_a, glass_columns_a,
          glass_columns_a, feat_on_display, feat_on_display
D:7:      minmay_the_grid_triangle_9x9_rhombus_full
          [minmay_the_grid_triangle_9x9_limited_checkers,
          minmay_the_grid_triangle_9x9_zippers_horizontal,
          minmay_the_grid_triangle_9x9_semitri,
          minmay_the_grid_triangle_9x9_warning,
          minmay_the_grid_triangle_9x9_longest,
          minmay_the_grid_triangle_9x9_skeleton,
          minmay_the_grid_triangle_9x9_swiss_cheese,
          minmay_the_grid_triangle_9x9_prize_schism], layout_basic,
          grunt_temple_overflow_forces_of_nature, ashenzari_altar_1,
          nicolae_overflow_crystal_walls, kennysheep_little_box, slow_altar_2,
          uniq_joseph
D:8:      layout_cave_pools, nicolae_overflow_quartered_altars, serial_shops,
          nicolae_shop_statue_plus, uniq_maurice
D:9:      layout_loops_ring, erik_lair_island, hangedman_ranch
          [blue_anna_fruit_fields], uniq_gastronok, uniq_harold
D:10:     layout_irregular_city
D:11:     layout_irregular_city, david_orc_3
D:12:     wad_river_or_something, layout_irregular_city
D:13:     layout_roguey, grunt_vaults_entry_fortified, special_room
          [special_room_orc], lightli_airlock
D:14:     layout_stronghold, basic_altar, kennysheep_generic_room_5, uniq_louise
D:15:     gammafunk_enter_depths_forms, layout_small_grid, uniq_roxanne
Lair:1:   layout_regular_city, enter_volcano_1, st_stairs_12,
          beast_lair_carwin_11, uniq_erica
Lair:2:   layout_regular_city, hibernation_bobbens, lemuel_fruit_fields,
          infiniplex_staircase_pool_2
Lair:3:   wad_woods_minihive, layout_regular_city, guppyfry_snake_entry_island,
          portal_ice_cave_entry_imps, nicolae_lair_grove_arrangements
Lair:4:   layout_hall_layers, elwin_shoals_entry_rooms,
          hangedman_lair_generics_rect, minmay_lair_oklob_chamber,
          serial_bayou_shore_a
Lair:5:   layout_regular_city, st_stairs_7, chequers_serial_rivers_small_a,
          grunt_megastairs_2
Lair:6:   cheibrodos_lair_end_hotspot, layout_regular_city, slime_altar_1,
          ebering_ghost_inner_flame, chequers_serial_rivers_small_b,
          lemuel_fruit_fields
Snake:1:  layout_rooms, serial_shops, nicolae_shop_stone
Orc:1:    layout_caves, serial_shops, shop_fountains, trog_hazing_becter,
          uniq_nergalle
Orc:2:    st_orc_open, layout_caves, serial_shops, shop_coins, basic_altar
Depths:1: layout_gridlike, hell_entry, abyss_entry, minmay_holes,
          lightli_fourway_metalbox, uniq_bai_suzhen

Skill      XL: |  1  2  3  4  5  6  7  8  9 10 11 12 13 14 15 16 |
---------------+-------------------------------------------------+-----
Dodging        | 1 2 3 4 5 6 7 8 9 |  9.4
Axes           | 2 3 4 5 6 7 8 10 11 13 14 | 14.5
Armour         | 2 3 4 5 6 7 9 10 11 | 11.8
Invocations    | 3 4 5 6 7 8 9 11 12 13 | 13.2
Fighting       | 4 5 6 7 8 9 10 | 10.5
Throwing       | 1 |  1.9
Shields        | 1 2 3 4 5 |  5.3
Long Blades    | 1 2 |  2.0

Action                   |  1- 3 |  4- 6 |  7- 9 | 10-12 | 13-15 | 16-18 || total
-------------------------+-------+-------+-------+-------+-------+-------++-------
Melee: Hand axe          |    73 |   133 |   340 |   485 |     4 |       ||  1035
       Kick              |    14 |    21 |    99 |   204 |   286 |    84 ||   708
       Unarmed           |       |       |       |    14 |       |       ||    14
       Falchion          |       |       |       |    14 |    17 |       ||    31
       Broad axe         |       |       |       |       |   728 |   174 ||   902
       Headbutt          |       |       |       |       |    82 |    59 ||   141
       Bite              |       |       |       |       |    46 |    34 ||    80
Throw: Boomerang         |       |     3 |     4 |     4 |     3 |       ||    14
Invok: Depart the Abyss  |     1 |       |       |       |     1 |     2 ||     4
       Banish            |       |       |     2 |     2 |     2 |     1 ||     7
       Enter the Abyss   |       |       |       |       |       |     2 ||     2
  Use: Scroll            |     7 |     3 |    10 |     1 |    18 |     7 ||    46
       Potion            |       |     2 |     2 |       |     2 |     3 ||     9
 Stab: Petrified         |       |       |       |       |     6 |       ||     6
       Distracted        |       |       |       |       |     1 |       ||     1
  Eat: Ration            |     1 |     1 |     4 |     7 |    13 |     3 ||    29
Armor: Plate armour      |    81 |    61 |   241 |   281 |   420 |    77 ||  1161
       Skin              |       |    21 |     1 |     4 |       |       ||    26
Dodge: Dodged            |     9 |    25 |   124 |   213 |   289 |    55 ||   715
Block: Buckler           |       |       |    11 |   102 |   506 |   146 ||   765
       Reflection        |       |       |       |       |    40 |     5 ||    45
       Rpst.: Falchion   |       |       |       |     1 |       |       ||     1

Table legend:
 A = Non-vault XP
 B = Vault XP
 C = Vault XP percentage of total XP
 D = Non-vault monster count
 E = Vault monster count
 F = Vault count percentage of total count
                 A         B        C        D         E       F
            +---------+---------+-------+---------+---------+-------
      Total |  111037 |   76851 |  40.9 |     574 |     306 |  34.8
            +---------+---------+-------+---------+---------+-------
        D:1 |      32 |       9 |  22.0 |      14 |       5 |  26.3
        D:2 |      44 |      32 |  42.1 |      17 |       1 |   5.6
        D:3 |      97 |     492 |  83.5 |      31 |       5 |  13.9
        D:4 |     286 |     188 |  39.7 |      23 |       1 |   4.2
        D:5 |     568 |     197 |  25.8 |      13 |      16 |  55.2
        D:6 |     795 |       0 |   0.0 |      18 |       0 |   0.0
        D:7 |    1105 |    2159 |  66.1 |      32 |      22 |  40.7
        D:8 |     772 |     472 |  37.9 |      20 |       1 |   4.8
        D:9 |    3018 |    6450 |  68.1 |      39 |      18 |  31.6
       D:10 |    4542 |       0 |   0.0 |      36 |       0 |   0.0
       D:11 |    1793 |     473 |  20.9 |      16 |      10 |  38.5
       D:12 |    5805 |    2623 |  31.1 |      25 |       9 |  26.5
       D:13 |    5622 |   14006 |  71.4 |      20 |      36 |  64.3
       D:14 |    3082 |    2142 |  41.0 |      12 |       4 |  25.0
       D:15 |   15744 |    6148 |  28.1 |      30 |      12 |  28.6
     Lair:1 |    3558 |    1620 |  31.3 |      14 |       5 |  26.3
     Lair:2 |    8290 |      61 |   0.7 |      18 |       1 |   5.3
     Lair:3 |    4627 |    3364 |  42.1 |      12 |      61 |  83.6
     Lair:4 |    1615 |    6006 |  78.8 |      11 |      14 |  56.0
     Lair:5 |    7709 |    2540 |  24.8 |      23 |      10 |  30.3
     Lair:6 |   16131 |   10370 |  39.1 |      59 |      30 |  33.7
    Snake:1 |    2804 |       0 |   0.0 |       4 |       0 |   0.0
      Orc:1 |    1353 |   13594 |  90.9 |      24 |      36 |  60.0
      Orc:2 |    4507 |    3093 |  40.7 |      32 |       8 |  20.0
   Depths:1 |    6775 |     812 |  10.7 |      10 |       1 |   9.1
    Abyss:1 |    2396 |       0 |   0.0 |       6 |       0 |   0.0
    Abyss:2 |    7967 |       0 |   0.0 |      15 |       0 |   0.0
            +---------+---------+-------+---------+---------+-------
